 Dungeon Crawl Stone Soup version 0.29-a0-553-g81b289dbe5 (webtiles) character file.

Game seed: 4279024231130592364

252 Essalna the Ruffian (level 5, 0/45 HPs)
             Began as a Draconian Transmuter on June 7, 2022.
             Was an Initiate of Elyvilon.
             Slain by a hound (5 damage)
             ... on level 4 of the Dungeon.
             The game lasted 00:05:12 (3338 turns).

Essalna the Ruffian (Draconian Transmuter)          Turns: 3338, Time: 00:05:12

Health: 0/45       AC:  6    Str: 13    XL:     5   Next: 89%
Magic:  6/8        EV: 12    Int: 15    God:    Elyvilon [......]
Gold:   182        SH:  0    Dex: 11    Spells: 3/8 levels left

rFire   . . .      SeeInvis +     - Unarmed
rCold   . . .      Faith    .   (no shield)
rNeg    . . .      Spirit   .   (body armour unavailable)
rPois   .          Reflect  .   (helmet currently unavailable)
rElec   .          Harm     .   e - +0 cloak
rCorr   .          Rampage  .   (no gloves)
Will    .....                   (boots currently unavailable)
Stlth   +.........              (no amulet)
HPRegen 0.15/turn               d - ring of see invisible
MPRegen 0.11/turn               (no ring)

@: appendages, very slightly contaminated
A: horns 2, talons 2, AC +5, unfitting armour, cold-blooded
a: End Transformation, Renounce Religion


You were on level 4 of the Dungeon.
You worshipped Elyvilon.
Elyvilon was noncommittal.
You had temporarily grown beastly horns and talons.
You visited 2 branches of the dungeon, and saw 5 of its levels.

You collected 182 gold pieces.

Inventory:

Armour
 e - a +0 cloak (worn)
 q - an orb of wrath
Jewellery
 b - an amulet of faith
 d - a ring of see invisible (left hand)
Wands
 r - a wand of iceblast (11)
Scrolls
 c - a scroll of identify
 h - 2 scrolls of teleportation {unknown}
 j - 2 scrolls of fog {unknown}
 k - a scroll of summoning {unknown}
 l - 3 scrolls of poison {unknown}
 m - a scroll of amnesia {unknown}
 o - 3 scrolls of enchant weapon {unknown}
Potions
 a - 3 potions of lignification
 f - a potion of ambrosia
 g - 2 potions of curing
 i - 2 potions of brilliance
 n - 3 potions of flight
 p - a potion of heal wounds
 s - a potion of haste {unknown}


   Skills:
 + Level 3.1 Fighting
 + Level 3.0 Dodging
 + Level 4.0 Unarmed Combat
 - Level 2.0 Spellcasting
 + Level 3.4 Transmutations
 + Level 1.5 Ice Magic


You had 3 spell levels left.
You knew the following spells:

 Your Spells              Type           Power      Damage    Failure   Level
a - Beastly Appendage     Tmut           22%        N/A       5%          1
b - Ice Form              Ice/Tmut       8%         N/A       63%         4

Your spell library contained the following spells:

 Spells                   Type           Power      Damage    Failure   Level
 Wereblood                Tmut           11%        N/A       9%          2
 Freeze                   Ice            24%        1d5       12%         1
 Static Discharge         Conj/Air       1%         N/A       32%         2
 Spider Form              Tmut/Pois      6%         N/A       32%         3
 Frozen Ramparts          Ice            12%        1d3       34%         3
 Call Canine Familiar     Summ           1%         N/A       54%         3
 Gell's Gravitas          Tloc           1%         N/A       54%         3
 Portal Projectile        Hex/Tloc       2%         N/A       54%         3
 Teleport Other           Tloc           1%         N/A       54%         3
 Hailstorm                Conj/Ice       3%         3d3       85%         4
 Leda's Liquefaction      Hex/Erth       0%         N/A       91%         4
 Lightning Bolt           Conj/Air       0%         1d11      99%         5
 Dispersal                Tloc           0%         N/A       100%        6
 Maxwell's Capacitive Co  Air            0%         ∞         100%        8


Dungeon Overview and Level Annotations

Branches:
Dungeon (4/15)             Temple (1/1) D:4

Altars:
Ashenzari
Elyvilon
Fedhas
Gozag
Kikubaaqudgha
Sif Muna
Uskayaw


Innate Abilities, Weirdness & Mutations

You have temporarily grown beastly horns and talons.
Your plain brown scales are hard. (AC +5)
You cannot fit into any form of body armour.
You are cold-blooded and may be slowed by cold attacks.


Message History

You closely miss the giant cockroach.
The giant cockroach is moderately wounded.
Your horns disappear.
Your talons disappear.
The giant cockroach bites you but does no damage.
You punch the giant cockroach!
You kill the giant cockroach!
You barely miss the hound.
You tail-slap the hound, but do no damage.
The hound closely misses you. The hound barely misses you.
Casting: Beastly Appendage (safe; 5% risk of failure)
Confirm with . or Enter, or press ? or * to list all spells.
You miscast Beastly Appendage.
You are very lightly contaminated with residual magic.
Nothing appears to happen.
The hound bites you.
You closely miss the hound. The hound bites you.
The hound pauses to sniff the ground.
The hound completely misses you.
You closely miss the hound. The hound closely misses you.
You hit the hound. You tail-slap the hound.
The hound is moderately wounded.
The hound bites you but does no damage.
Casting: Beastly Appendage (safe; 5% risk of failure)
Confirm with . or Enter, or press ? or * to list all spells.
You grow a pair of large bovine horns.
Your feet morph into talons.
The hound bites you.
* * * LOW HITPOINT WARNING * * *
The hound stops to sniff the ground.
The hound bites you.
* * * LOW HITPOINT WARNING * * *
You punch the hound!
The hound is almost dead.
The hound bites you.
* * * LOW HITPOINT WARNING * * *
You barely miss the hound. Your headbutt misses the hound.
The hound is almost dead.
The hound barely misses you. x2
You closely miss the hound.
The hound is almost dead.
The hound bites you.
You die...

.... ... .... #..
... ..# .####..
###.# ....#.. .'.#
#..... '.# #...###
###h# #....# #(.@#
##.#.#++#.#.# ..
#..........# ...
##..#..##### ...
#.[.......#
..######..<......#
..#..>##.[)).....#
.......#.........#
............######


You could see a hound.

Vanquished Creatures
  A hound (D:3)
  An orc priest (D:3)
  2 iguanas
  4 adders
  3 dart slugs
  6 orcs
  4 bats
  7 endoplasms
  6 giant cockroaches
  10 goblins
  5 hobgoblins
  5 jackals (D:1)
  4 kobolds
  6 quokkas
  10 ball pythons
  A frilled lizard (D:1)
  8 rats
83 creatures vanquished.

Notes
Turn   | Place    | Note
-------+----------+-------------------------------------------
     0 | D:1      | Essalna the Draconian Transmuter began the quest for the
                  | Orb.
     0 | D:1      | Reached XP level 1. HP: 16/16 MP: 3/3
   142 | D:1      | Found a faded altar of an unknown god.
   167 | D:1      | Reached XP level 2. HP: 23/23 MP: 3/5
   544 | D:1      | Reached XP level 3. HP: 26/29 MP: 6/6
  1360 | D:2      | Reached XP level 4. HP: 36/36 MP: 4/7
  1410 | D:2      | Learned a level 4 spell: Ice Form
  1918 | D:3      | Found an opulent altar of Gozag.
  2386 | D:3      | Reached skill level 1 in Ice Magic
  2386 | D:3      | Reached XP level 5. HP: 41/42 MP: 6/8
  3035 | D:4      | Found a staircase to the Ecumenical Temple.
  3052 | Temple   | Entered the Ecumenical Temple
  3156 | Temple   | Became a worshipper of Elyvilon the Healer
  3323 | D:4      | Reached skill level 4 in Unarmed Combat
  3338 | D:4      | Slain by a hound

Illustrated notes

Levels and vault maps discovered:
D:1:      erik_arrival_blinker_ship, layout_basic,
          chequers_ecumenical_altar_island, minmay_tiny_reverse_x
D:2:      layout_loops_ring
D:3:      minmay_inner_zag, layout_basic, nicolae_gozag_seed_capital
D:4:      layout_rooms, minmay_temple_entry_offerings, minmay_mini_jars,
          uniq_ijyb
Temple:   regret_index_temple_generic_petals

Skill      XL: |  1  2  3  4  5 |
---------------+----------------+-----
Dodging        | 2 3 |  3.0
Fighting       | 2 3 |  3.1
Transmutations | 3 |  3.4
Ice Magic      | 1 |  1.5
Unarmed Combat | 4 |  4.0
Spellcasting   | |  2.0

Action                   |  1- 3 |  4- 6 || total
-------------------------+-------+-------++-------
Melee: Unarmed           |   118 |   119 ||   237
       Kick              |    18 |    24 ||    42
       Tailslap          |    14 |    11 ||    25
       Headbutt          |    13 |    20 ||    33
       Punch             |     2 |     2 ||     4
 Cast: Beastly Appendage |    33 |    26 ||    59
  Use: Scroll            |       |     5 ||     5
 Stab: Sleeping          |     2 |     1 ||     3
Armor: Skin              |    45 |    37 ||    82
Dodge: Dodged            |    83 |    77 ||   160

Table legend: (Time is in decaauts)
 A = Elapsed time spent in this place.
 B = Non-inter-level travel time spent in this place.
 C = Inter-level travel time spent in this place.
 D = Time resting spent in this place.
 E = Time spent auto-exploring this place.
 F = Levels seen in this place.
 G = Mean time per level.
                   A        B        C        D        E       F      G
               +--------+--------+--------+--------+--------+-----+--------+
         Total |   3326 |   3194 |    132 |     22 |   2565 |   5 |  665.2 |
       Dungeon |   3193 |   3108 |     85 |     22 |   2484 |   4 |  798.2 |
        Temple |    132 |     85 |     47 |      0 |     81 |   1 |  132.0 |
               +--------+--------+--------+--------+--------+-----+--------+

Top non-repeatable levels by time:
     D:3: 1118 daAuts
     D:1: 935 daAuts
     D:2: 861 daAuts
     D:4: 278 daAuts
  Temple: 132 daAuts
